AoeStats
← ComplexKills

Yucatan

503533229Analyzed
3v3 RM · 1mo ago on Sep 1, 2026· 73m 19s· 6 players
Game mode
Random Map
Map size
Normal (6 player)
Population
200
Speed
Normal
Resources
Standard
Victory
Conquest
Starting age
Dark Age
Ending age
Imperial Age
RankedLock teamsTeams togetherTeam positionsShared explorationLock speedFull tech treeHidden civsTurbo modeCheats
Victory
Defeat
🇺🇸 Jurchens · United States
904
+13
🇺🇸 Persians · United States
808
+17
🇺🇸 Spanish · United States
773
+19
🇮🇳 Vietnamese · India
846
-17
🇮🇳 Wei · India
838
-16
🇮🇳 Mongols · India
811
-15
sL iKrYpToNiiTe
0:32 Loom
15:28 Feudal Age
17:32 Double-Bit Axe
17:41 Stone Mining
20:58 Castle Age
19:18 Forging
19:44 Padded Archer Armor
19:47 Scale Mail Armor
19:52 Scale Barding Armor
19:38 Fletching
21:00 Wheelbarrow
23:43 Bloodlines
25:29 Pikeman
26:29 Chain Mail Armor
27:30 Gold Mining
35:00 Imperial Age
33:44 Iron Casting
33:37 Hand Cart
33:18 Horse Collar
34:03 Heavy Plow
34:16 Bow Saw
35:02 Chain Barding Armor
35:51 Squires
35:39 Gambesons
37:00 Elite Iron Pagoda
38:02 Conscription
39:02 Capped Ram
40:57 Halberdier
42:43 Blast Furnace
43:14 Crop Rotation
42:55 Siege Ram
44:37 Bodkin Arrow
45:00 Husbandry
45:22 Fortified Wall
46:15 Chemistry
45:36 Ballistics
48:53 Plate Barding Armor
49:20 Bracer
50:07 Thunderclap Bombs
49:52 Heavy Rocket Cart
52:21 Leather Archer Armor
54:09 Gold Shaft Mining
56:54 Elite Skirmisher
58:28 Stone Shaft Mining
60:35 Ring Archer Armor
59:31 Light Cavalry
62:52 Two-Man Saw
61:39 Town Watch
62:08 Masonry
62:03 Siege Engineers
62:35 Hoardings
62:07 Fortified Bastions
66:00 Arson
65:35 Elite Fire Lancer
65:35 Man-at-Arms
66:19 Town Patrol
ComplexKills
3:13 Loom
11:27 Feudal Age
17:43 Castle Age
18:56 Horse Collar
20:02 Scale Barding Armor
20:09 Forging
20:10 Double-Bit Axe
26:30 Wheelbarrow
26:34 Gold Mining
26:34 Stone Mining
27:39 Bloodlines
32:47 Imperial Age
33:30 Bow Saw
33:54 Kamandaran
34:35 Husbandry
35:28 Crossbowman
36:32 Ballistics
36:26 Cavalier
37:53 Thumb Ring
38:44 Gold Shaft Mining
38:07 Fletching
39:56 Savar
42:01 Chemistry
42:19 Devotion
43:04 Bodkin Arrow
43:30 Chain Barding Armor
43:46 Iron Casting
43:11 Padded Archer Armor
48:09 Elite War Elephant
50:25 Plate Barding Armor
55:23 Blast Furnace
54:40 Leather Archer Armor
Muck
3:21 Loom
14:39 Feudal Age
20:38 Wheelbarrow
19:53 Double-Bit Axe
20:19 Horse Collar
21:45 Forging
21:38 Scale Mail Armor
21:44 Scale Barding Armor
26:59 Castle Age
27:22 Pikeman
28:03 Squires
27:50 Arson
34:44 Stone Mining
34:49 Gold Mining
40:45 Stone Shaft Mining
40:24 Bow Saw
40:19 Heavy Plow
41:43 Hand Cart
41:55 Bloodlines
41:47 Husbandry
42:15 Chain Barding Armor
42:11 Chain Mail Armor
42:32 Iron Casting
41:50 Fletching
42:01 Padded Archer Armor
45:47 Ballistics
48:28 Imperial Age
48:35 Halberdier
50:20 Blast Furnace
49:57 Plate Mail Armor
52:08 Elite Conquistador
54:55 Two-Man Saw
56:39 Bodkin Arrow
57:00 Leather Archer Armor
57:21 Plate Barding Armor
57:06 Capped Ram
66:52 Bracer
67:23 Ring Archer Armor
Tabby
13:54 Feudal Age
12:10 Loom
13:58 Feudal Age
18:10 Castle Age
16:06 Double-Bit Axe
17:08 Horse Collar
19:58 Bow Saw
19:50 Heavy Plow
21:26 Gold Mining
22:34 Fletching
27:55 Bodkin Arrow
29:03 Ballistics
30:51 Wheelbarrow
30:01 Town Watch
31:22 Padded Archer Armor
33:16 Chatras
33:36 Leather Archer Armor
33:32 Forging
34:00 Hand Cart
38:04 Imperial Age
37:03 Iron Casting
36:35 Scale Barding Armor
36:32 Stone Mining
37:50 Chain Barding Armor
38:06 Iron Casting
38:55 Bloodlines
38:46 Husbandry
40:22 Plate Barding Armor
41:23 Chemistry
41:43 Two-Man Saw
40:56 Bracer
42:31 Ring Archer Armor
42:09 Siege Engineers
41:50 Elite Battle Elephant
43:27 Crop Rotation
43:15 Elite Rattan Archer
45:50 Pikeman
46:31 Squires
46:17 Arson
46:34 Scale Mail Armor
48:27 Halberdier
55:21 Stone Shaft Mining
55:38 Herbal Medicine
56:41 Paper Money
56:59 Hoardings
61:01 Chain Mail Armor
И0YA
12:19 Feudal Age
16:47 Castle Age
16:06 Double-Bit Axe
17:00 Stone Mining
19:37 Forging
27:14 Bow Saw
28:24 Husbandry
28:35 Bloodlines
30:59 Bow Saw
30:32 Horse Collar
30:45 Gold Mining
31:05 Tuntian
31:05 Pikeman
31:46 Squires
32:26 Heavy Plow
32:44 Scale Mail Armor
33:43 Arson
35:07 Scale Barding Armor
35:38 Iron Casting
40:39 Imperial Age
39:32 Tuntian
40:57 Stone Shaft Mining
40:57 Gold Shaft Mining
43:32 Halberdier
45:47 Elite Skirmisher
46:33 Thumb Ring
47:37 Crop Rotation
48:38 Ming Guang Armor
49:55 Chemistry
49:15 Ballistics
50:48 Murder Holes
51:04 Fortified Wall
52:56 Elite Tiger Cavalry
54:06 Chain Barding Armor
54:01 Chain Mail Armor
54:47 Blast Furnace
53:47 Padded Archer Armor
53:38 Fletching
59:04 Leather Archer Armor
58:44 Bodkin Arrow
59:55 Imperial Skirmisher
Unknown
0:30 Loom
13:22 Feudal Age
17:35 Castle Age
15:29 Double-Bit Axe
15:28 Horse Collar
16:28 Fletching
18:06 Bloodlines
20:31 Bow Saw
22:30 Forging
27:34 Wheelbarrow
28:09 Heavy Plow
28:56 Hand Cart
29:44 Gold Mining
29:44 Stone Mining
30:56 Bodkin Arrow
31:02 Murder Holes
34:01 Gold Shaft Mining
34:05 Ballistics
33:50 Padded Archer Armor
33:59 Husbandry
37:47 Imperial Age
39:35 Pikeman
40:17 Squires
40:23 Bracer
40:25 Scale Mail Armor
41:01 Iron Casting
42:08 Chemistry
41:20 Masonry
41:56 Conscription
41:59 Drill
42:15 Hoardings
41:48 Elite Mangudai
43:25 Capped Ram
46:16 Siege Ram
49:36 Onager
54:25 Blast Furnace
53:41 Chain Mail Armor
53:41 Leather Archer Armor
53:33 Scale Barding Armor
54:12 Siege Onager
55:56 Siege Engineers
55:57 Caravan
59:23 Plate Mail Armor
59:14 Chain Barding Armor
58:49 Heavy Scorpion
58:57 Man-at-Arms
59:08 Heavy Camel Rider
61:21 Long Swordsman
62:05 Two-Handed Swordsman
63:06 Champion
Connection lost

Rejoining the realm…

Still unreachable

The connection could not be restored.

Session expired

The server has moved on; the page needs a fresh start.